cohdb
Replays
Latest Replays
All Replays
Popular Replays
Top Player Replays
Match Explorer
How It Works
Community
CoH3 Stats
Reddit
Sign in to upload your games and track your stats! →
Sign in with Steam
Match 46349976
Unlisted
Match 46349976
Overview
Messages
Build Orders
End
Construct Barracks
Engineer Squad
Selects Armored Battlegroup
Selects Veteran Crews
1⁄4-ton 4x4 Truck
M1 Mortar Team
Riflemen Squad
Construct Weapon Support Center
Riflemen Squad
Air Support Center
Grenade Package
P-47 Strafing Run
Grasshopper Recon Run
Construct Medical Station
Bazooka Squad
P-47 Strafing Run
Riflemen Squad
M1918 Browning Automatic Rifles
Selects Strength in Steel
Grasshopper Recon Run
Double Sortie
P-47 Strafing Run
Grasshopper Recon Run
Construct Tank Depot
P-47 Strafing Run
Selects Seek and Destroy
Grasshopper Recon Run
Selects UNKNOWN (2160077)
P-47 Strafing Run
Bazooka Squad
Grasshopper Recon Run
M4A3E8 Sherman Easy Eight
P-47 Strafing Run
Riflemen Squad
Selects Field Repairs
Engineer Squad
Grasshopper Recon Run
Henk
LittleBirde
water
Hirys it's Irys
Homayoun98 [FOXES]
Farid Achaemenid [FOXES]
Farzito [FOXES]
shadow 2 [FOXES]
0
0
Comments
sign in to comment!
No comments posted yet!